 Dungeon Crawl Stone Soup version 0.32-a0-306-gfed3edf829 (webtiles) character file.

Game seed: 12420983611621016510

905 Dittersdorf the Trooper (level 8, -3/51 HPs)
             Began as a Gargoyle Fighter on Feb 14, 2024.
             Slain by an ogre
             ... wielding a +0 giant club
              (9 damage)
             ... on level 5 of the Dungeon.
             The game lasted 00:03:59 (3191 turns).

Dittersdorf the Trooper (Gargoyle Fighter)          Turns: 3191, Time: 00:04:00

Health: -3/51      AC: 14    Str: 22    XL:     8   Next: 8%
Magic:  8/8        EV: 14    Int:  9    God:
Gold:   140        SH:  5    Dex:  9    Spells: 7/7 levels left

rFire   . . .        a - +0 flail
rCold   . . .        c - +0 buckler
rNeg    + . .        b - +0 scale mail
rPois   ∞            j - +0 helmet
rElec   +            (no cloak)
rCorr   .            (no gloves)
SInv    .            (no boots)
Will    .....        (no amulet) Stlth
                     g - +5 ring of evasion
HPRegen 0.28/turn    (no ring)
MPRegen 0.11/turn

%: no passive effects
@: no status effects
A: sickness immunity, AC +5, negative energy resistance 1, electricity
resistance, torment resistance 1, petrification resistance
a: no special abilities


You were on level 5 of the Dungeon.
You visited 1 branch of the dungeon, and saw 5 of its levels.

You collected 140 gold pieces.

Inventory:

Hand Weapons
 a - a +0 flail (weapon)
Armour
 b - a +0 scale mail (worn)
 c - a +0 buckler (worn)
 j - a +0 helmet (worn)
Jewellery
 g - a +5 ring of evasion (left hand)
Scrolls
 f - 2 scrolls of fear {unknown}
 i - a scroll of identify {unknown}
 m - a scroll of blinking {unknown}
 p - 2 scrolls of teleportation
Potions
 h - a potion of enlightenment {unknown}
 k - a potion of curing {unknown}
 l - 2 potions of cancellation {unknown}
 n - a potion of lignification {unknown}
 o - a potion of ambrosia {unknown}


   Skills:
 + Level 5.9 Fighting
 + Level 4.8 Maces & Flails
 + Level 5.9 Armour
 + Level 5.8 Shields


You had 7 spell levels left.
You didn't know any spells.
Your spell library contained the following spells:

 Spells                   Type           Power      Damage    Failure   Level
 Magic Dart               Conj           0%         1d3       75%         1
 Blink                    Tloc           0%         N/A       87%         2
 Call Imp                 Summ           0%         N/A       87%         2
 Ensorcelled Hibernation  Hex/Ice        0%         N/A       87%         2
 Fugue of the Fallen      Necr           0%         N/A       98%         3
 Anguish                  Hex/Necr       0%         N/A       100%        4


Dungeon Overview and Level Annotations

Branches:
Dungeon (5/15)
 Temple: D:4-7

Altars:

Shops:
D:1 (=*

Annotations:
D:5 2 transporters, pazhot's ghost, novice MDFi


Innate Abilities, Weirdness & Mutations

You are immune to sickness and miasma.
Your stone body is resilient. (AC +5)
You are immune to poison.
You resist negative energy. (rN+)
You are resistant to electric shocks. (rElec)
You are resistant to unholy torment.
You are immune to petrification.


Message History

The ogre is heavily wounded.
The ogre hits you with a +0 giant club.
You barely miss the ogre.
The ogre is heavily wounded.
The ogre hits you with a +0 giant club!!
Ouch! That really hurt!
You are too injured to fight recklessly!
You are too injured to fight recklessly!
You are too injured to fight recklessly!
You are too injured to fight recklessly!
You are too injured to fight recklessly!
You are too injured to fight recklessly!
You are too injured to fight recklessly!
You are too injured to fight recklessly!
You are too injured to fight recklessly!
You are too injured to fight recklessly!
You are too injured to fight recklessly!
You are too injured to fight recklessly!
You are too injured to fight recklessly!
You are too injured to fight recklessly!
You are too injured to fight recklessly!
You hit the ogre.
The ogre is severely wounded.
You barely miss the ogre.
The ogre is severely wounded.
The ogre misses you.
You closely miss the ogre.
The ogre is severely wounded.
You block the ogre's attack.
You closely miss the ogre.
The ogre is severely wounded.
The ogre hits you with a +0 giant club!
* * * LOW HITPOINT WARNING * * *
You hit the ogre but do no damage.
The ogre is severely wounded.
The ogre misses you.
You hit the ogre.
The ogre is almost dead.
The ogre hits you with a +0 giant club!
You die...

#.##########.# #............
#.#... ###.####.......#..##
#.##.# #......'.......#.##
#.##.# #.#.####.......#.#
#.##.#.###.#.######.#####.###
#.#..#............#.# #....
#.##.#####.#.####.#.# #####
#.##.# #.#.# #.#
##.##.#####.#@# #.#
#...........#.O....#.#######
##.#################........
#.....†....................
########################### #


You could see an ogre.

Vanquished Creatures
  Grinder (D:3)
  Duvessa (D:4)
  A sky beast (D:2)
  A centaur (D:5)
  A scorpion (D:5)
  Dowan (D:4)
  An orc priest (D:3)
  A hound (D:5)
  2 orc wizards
  Robin (D:3)
  6 adders
  3 ufetubi (D:5)
  3 ribbon worms
  4 dart slugs (D:3)
  6 orcs
  4 endoplasms
  6 giant cockroaches
  13 goblins
  4 hobgoblins
  3 kobolds
  4 quokkas
  4 ball pythons
  4 bats
  4 rats
79 creatures vanquished.

Vanquished Creatures (others)
  An ufetubus (D:5)
1 creature vanquished.

Grand Total: 80 creatures vanquished

Notes
Turn   | Place    | Note
-------+----------+-------------------------------------------
     0 | D:1      | Dittersdorf the Gargoyle Fighter began the quest for the
                  | Orb.
     0 | D:1      | Reached XP level 1. HP: 14/14 MP: 1/1
    27 | D:1      | Found Oppeki's Assorted Antiques.
   238 | D:1      | Reached XP level 2. HP: 19/19 MP: 2/2
   265 | D:1      | Found Gacwon's Antique Weapon Emporium.
   339 | D:1      | Found Sealesiv's Jewellery Shoppe.
   605 | D:2      | Reached XP level 3. HP: 23/23 MP: 3/3
  1328 | D:3      | Reached XP level 4. HP: 29/29 MP: 4/4
  1375 | D:3      | Noticed Robin
  1593 | D:2      | Reached XP level 5. HP: 21/33 MP: 5/5
  1659 | D:3      | Killed Robin
  1806 | D:3      | Found a faded altar of an unknown god.
  1909 | D:3      | Noticed a sky beast
  2062 | D:2      | Killed a sky beast
  2063 | D:2      | Reached XP level 6. HP: 34/39 MP: 6/6
  2147 | D:3      | Noticed Grinder
  2161 | D:3      | Killed Grinder
  2162 | D:3      | Reached skill level 5 in Fighting
  2162 | D:3      | Reached skill level 5 in Armour
  2162 | D:3      | Reached skill level 5 in Shields
  2162 | D:3      | Reached XP level 7. HP: 40/44 MP: 7/7
  2440 | D:4      | Noticed Duvessa
  2441 | D:4      | Noticed Dowan
  2449 | D:4      | Killed Duvessa
  2460 | D:4      | Killed Dowan
  2572 | D:5      | Entered Level 5 of the Dungeon
  2877 | D:5      | Found a transporter.
  2918 | D:5      | Noticed pazhot's ghost (novice MDFi)
  2922 | D:5      | Found a transporter.
  2977 | D:5      | Reached XP level 8. HP: 12/51 MP: 8/8
  3191 | D:5      | Slain by an ogre

Illustrated notes

Levels and vault maps discovered:
D:1:      pf_arrival_petrified_forest, layout_basic, serial_shops, shop,
          nicolae_shop_trees, nicolae_square_shop
D:2:      layout_loops_corners
D:3:      layout_basic, shapermc_ecumenical_altar_totnotflames, uniq_grinder,
          uniq_robin
D:4:      layout_basic, uniq_duvessa, uniq_natasha, uniq_eustachio
D:5:      layout_basic, minmay_temple_entry_fiery,
          gammafunk_ghost_abyssal_escape

Skill      XL: |  1  2  3  4  5  6 |
---------------+-------------------+-----
Armour         | 4 5 |  5.9
Fighting       | 4 5 |  5.9
Shields        | 4 5 |  5.8
Maces & Flails | 3 4 |  4.8

Action                     |  1- 3 |  4- 6 |  7- 9 || total
---------------------------+-------+-------+-------++-------
  Melee: Flail             |    68 |   193 |    91 ||   352
    Use: Scroll            |       |       |     2 ||     2
         Potion            |       |       |     1 ||     1
 Armour: Scale mail        |    35 |   141 |   113 ||   289
  Dodge: Dodged            |    43 |   168 |   138 ||   349
  Block: Buckler           |    13 |    36 |    51 ||   100

Table legend: (Time is in decaauts)
 A = Elapsed time spent in this place.
 B = Non-inter-level travel time spent in this place.
 C = Inter-level travel time spent in this place.
 D = Time resting spent in this place.
 E = Time spent auto-exploring this place.
 F = Levels seen in this place.
 G = Mean time per level.
                   A        B        C        D        E       F      G
               +--------+--------+--------+--------+--------+-----+--------+
         Total |   3291 |   3214 |     77 |    435 |   1899 |   5 |  658.2 |
       Dungeon |   3291 |   3214 |     77 |    435 |   1899 |   5 |  658.2 |
               +--------+--------+--------+--------+--------+-----+--------+

Top non-repeatable levels by time:
     D:2: 1217 daAuts
     D:3: 797 daAuts
     D:1: 509 daAuts
     D:5: 451 daAuts
     D:4: 316 daAuts
